[Event "93rd German Championship 2022"]
[Site "Magdeburg"]
[Date "2022.08.17"]
[Round "5.14"]
[White "Feuerstack, Aljoscha"]
[Black "Arnold, Max"]
[Result "1-0"]
[ECO "A40"]
[WhiteElo "2473"]
[BlackElo "2350"]
[Annotator "TA"]
[PlyCount "103"]
[EventDate "2022.08.14"]
[EventType "swiss"]
[EventCountry "GER"]
[SourceTitle "playchess.com"]
[Source "ChessBase"]
[SourceQuality "1"]
[TimeControl "40/5400+30:1800+30"]

1. d4 Nf6 2. c4 e6 3. g3 Bb4+ 4. Nd2 c5 5. a3 Bxd2+ 6. Qxd2 cxd4 7. Nf3 d5 {[%emt 0:00:44] E00: Catalan Bogo-Indian (3 g3 Bb4+).} 8. Bg2 $1 {[%emt 0:00:25][%mdl 4] is more profitable than 8.cxd5 at the moment.} dxc4 {[%emt 0:00:50] And now ...Nc6 would win.} 9. Qxd4 Qxd4 {[%emt 0:00:32] The position is equal.} 10. Nxd4 {[%emt 0:00:06] Strongly threatening Nb5.} O-O 11. Be3 Nd5 12. Rc1 Nxe3 13. fxe3 Nd7 14. Rxc4 Nf6 15. O-O {[%emt 0:05:37] [#]} Rb8 $146 ({Predecessor:} 15... Rd8 16. Rc7 Rb8 17. b4 Rd7 18. Rc4 Rd8 19. Rc7 e5 20. Nb5 Bg4 21. Re1 a6 {½-½ (46) Wojtaszek,R (2744)-Karjakin,S (2778) Shamkir 2018}) 16. Rfc1 e5 17. Nf3 Be6 (17... Nd5 $11) 18. Ra4 $1 $16 Ng4 19. Rxa7 ({White should play} 19. Bh3 $16 h5 20. Bxg4 (20. Rxa7 f6 $14) 20... Bxg4 21. Rxa7 (21. Nxe5 Bxe2 22. Re1 Ba6 $11)) 19... Rfc8 $11 20. Re1 Nxe3 21. Nxe5 Nxg2 22. Kxg2 Rc2 23. b4 f6 24. Nf3 Bc4 25. Kf2 Ra2 26. Ng1 Ba6 27. Rb1 {[%emt 0:00:17] b5 is the strong threat.} Bb5 (27... Bc4 $1 $11) 28. Ra5 (28. Rb3 $1 $16) 28... Bc4 29. Rc1 b5 30. Rc3 Re8 31. Re3 Rxe3 32. Kxe3 {[%emt 0:00:04][%mdl 4096] Endgame KRB-KRN} Kf7 33. h4 h5 34. Kd4 Rd2+ 35. Kc3 Rd1 36. Nh3 Bxe2 37. Nf4 {[%emt 0:00:10] Prevents Rd3+.} Bf1 (37... Bf3 $1 $11 {remains equal.}) 38. Ra7+ $16 ({Much worse is} 38. Nxh5 $6 Rd7 $11) 38... Kf8 39. Ne6+ Kg8 40. Rxg7+ Kh8 41. Rg6 $1 {[%emt 0:05:46] White is more active.} Rd3+ {[%emt 0:02:05] [#]} 42. Kb2 $1 Rf3 (42... Rd2+ $16 {was worth a try.} 43. Kc1 Ra2 44. Rxf6 Bc4) 43. Nf4 $18 Kh7 (43... Bc4 {might work better.} 44. Nxh5 f5) 44. Rxf6 Rxg3 45. Rf5 ({Resist} 45. Nxh5 Rg1 46. Kc3 Be2 $18) 45... Rf3 46. Rxh5+ Kg8 47. Rg5+ Kh7 48. Rh5+ (48. Ne6 $16) 48... Kg8 $1 49. Nd5 {[%emt 0:03:46][%cal Oh5f5] Threatens to win with Rf5!} Rf2+ 50. Kc1 {[%emt 0:00:11][%cal Oh5f5] Hoping for Rf5!} Rf3 {[%emt 0:01:07] [#] Inhibits Rf5.} (50... Bd3 51. Rg5+ Kh7) 51. Rf5 $3 Rxa3 {[%emt 0:00:18] [#]} 52. Kb2 $1 {[%emt 0:00:05] Weighted Error Value: White=0.12 (very precise) /Black=0.13 (very precise)} 1-0

[Event "93rd German Championship 2022"]
[Site "Magdeburg"]
[Date "2022.08.17"]
[Round "5.15"]
[White "Miller, Eduard"]
[Black "Yi, Danny"]
[Result "1/2-1/2"]
[ECO "C30"]
[WhiteElo "2350"]
[BlackElo "2273"]
[Annotator "TA"]
[PlyCount "90"]
[EventDate "2022.08.14"]
[EventType "swiss"]
[EventCountry "GER"]
[SourceTitle "playchess.com"]
[Source "ChessBase"]
[SourceQuality "1"]
[TimeControl "40/5400+30:1800+30"]

1. e4 e5 2. f4 Bc5 3. Nf3 d6 4. c3 Bg4 5. h3 Bxf3 6. Qxf3 {[%emt 0:00:05] C30: King's Gambit Declined.} Nd7 7. Bc4 (7. d3 {was preferrable.}) 7... Qe7 8. d3 Ngf6 9. f5 {[%emt 0:04:14] [#]} O-O-O $146 ({Predecessor:} 9... d5 10. Bxd5 Nxd5 11. exd5 O-O-O 12. b4 Bb6 13. Kd1 Rhe8 14. Re1 h6 15. a4 a5 16. bxa5 Bxa5 {1-0 (52) Kavcic,U (2245)-Azarov,S (2445) Mureck 1998}) 10. Bg5 h6 11. Bh4 g5 12. fxg6 fxg6 13. Nd2 Rhf8 14. Qe2 g5 15. Bg3 Qe8 {[%emt 0:06:31] [#] White must now prevent ...Nh5.} 16. Rf1 Qg6 (16... Nh5 $5 17. Rxf8 Nxf8 $11) 17. Be6 Kb8 18. Bf5 Qg8 19. b4 Bb6 20. Nc4 $36 {[%emt 0:00:05][%mdl 2048] White is pushing.} (20. a4 $5 a6 21. Nc4 $14) 20... Rde8 21. Nxb6 {[%emt 0:01:21] White is more active.} (21. a4 {keeps more tension.} a6 22. Kd2 Ba7 23. Kc2) 21... Nxb6 22. c4 {[%emt 0:02:05] Prevents d5.} Qf7 23. Bf2 d5 (23... Nh5 $14) 24. Bc5 $16 {[%emt 0:04:11] This bishop pair is nice.} ({Resist} 24. cxd5 Nfxd5 25. Bc5 Ne7 $14) 24... dxc4 25. Bxf8 Qxf8 26. a3 cxd3 27. Qxd3 Rd8 28. Qe2 c5 29. Rd1 ({White should play} 29. Rf3 $16) 29... Rxd1+ $14 30. Qxd1 cxb4 31. axb4 Qxb4+ 32. Qd2 Qe7 33. Rf3 (33. Ke2 $1 $14) 33... Nc4 $11 34. Rc3 b5 35. Qd3 Kc7 36. Kf1 {[%emt 0:02:47] [#]} (36. Rxc4+ $11 {keeps the balance.} bxc4 37. Qxc4+ Kb6 38. Ke2) 36... a6 (36... Nd7 $1 $17 {Threatens to win with ...Nc5.} 37. Kg1 a5) 37. Rxc4+ {[%emt 0:00:37] The position is equal.} bxc4 38. Qxc4+ {[%emt 0:00:02][%mdl 4096] Endgame KQB-KQN} Kb6 39. Bc8 Qd6 40. Qxa6+ Kc7 {[%emt 0:00:22] And now ...Qd1+ would win.} 41. Qb7+ Kd8 {[%emt 0:00:41] Hoping for ...Qd1+.} 42. Bf5 Qd1+ 43. Kf2 Qd2+ 44. Kg1 Qc1+ 45. Kh2 {[%emt 0:00:15] White wants to mate with Qb8+.} Qf4+ {[%emt 0:00:18] Weighted Error Value: White=0.14 (very precise) /Black=0.11 (very precise)} 1/2-1/2

[Event "93rd German Championship 2022"]
[Site "Magdeburg"]
[Date "2022.08.17"]
[Round "5.16"]
[White "Colbow, Collin"]
[Black "Dobrikov, Marco"]
[Result "1/2-1/2"]
[ECO "B91"]
[WhiteElo "2325"]
[BlackElo "2223"]
[Annotator "TA"]
[PlyCount "94"]
[EventDate "2022.08.14"]
[EventType "swiss"]
[EventCountry "GER"]
[SourceTitle "playchess.com"]
[Source "ChessBase"]
[SourceQuality "1"]
[TimeControl "40/5400+30:1800+30"]

1. e4 c5 2. Nf3 d6 3. d4 cxd4 4. Nxd4 Nf6 5. Nc3 a6 6. g3 e5 7. Nde2 Be6 8. Bg2 Be7 9. O-O O-O 10. a4 Nbd7 11. h3 Rc8 {[%emt 0:00:45] B91: Sicilian Najdorf: 6 g3.} 12. b3 Qc7 13. f4 Nb8 {[%emt 0:04:45] White is slightly better.} 14. Be3 {[%emt 0:06:04] [#]} Nc6 $146 ({Predecessor:} 14... exf4 15. gxf4 Nc6 16. Nd5 Bxd5 17. exd5 Nb8 18. c4 Nfd7 {1-0 (41) Juras,Z-Gorbunov,E ICCF email 2015}) 15. f5 Bd7 16. g4 $36 {[%emt 0:00:07][%cal Bg3g4,Bg4g5][%mdl 2080] Black must now prevent g5. White is pushing.} Nd4 {[%emt 0:03:38] [#]} (16... Nb4 $11 {remains equal.}) 17. g5 $1 $16 (17. Bxd4 exd4 18. Qxd4 d5 $17) 17... Nxe2+ 18. Nxe2 Ne8 19. c4 {[%emt 0:03:37][%cal Bc2c4,Bc4d5][%mdl 32] White is more active.} d5 20. cxd5 ({But not} 20. Qxd5 $6 Rd8 21. Qd3 (21. g6 $2 Bc8 $19) 21... Bxf5 $11) 20... Bc5 21. Qd3 Qb6 22. Bxc5 Rxc5 23. Kh1 f6 24. h4 Nd6 25. Rg1 ({Better is} 25. gxf6 $16 Rxf6 26. Qg3) 25... Kh8 (25... Rcc8 $14) 26. gxf6 gxf6 27. Qe3 {[%emt 0:01:20] Rac1 is the strong threat.} Qb4 28. Bf3 ({White should try} 28. Rgc1 $16 Rxc1+ 29. Rxc1) 28... Rc2 (28... Nxf5 $1 $14 29. exf5 Qxh4+ 30. Kg2 Bxf5) 29. Rg4 $2 (29. Qh6 $18 {[%cal Rh6f8] and the rest is easy.} Ne8 30. Rg6) 29... Qd2 {[%emt 0:02:51] [#]} (29... Nf7 $16 30. Rag1 Qc5) 30. Qxd2 $2 (30. Qb6 $1 $18 Qd3 31. Rf1 Nxe4 32. Rxe4) 30... Rxd2 $11 {[%emt 0:00:05] The position is equal.} 31. Rc1 Rd3 32. Rc3 Rxc3 33. Nxc3 Rc8 34. Nd1 Rc1 35. Rg1 Rb1 36. Ne3 Rxb3 37. Ng4 Rxf3 38. Nxf6 Rh3+ 39. Kg2 {[%emt 0:00:05] [#]} Bxf5 40. exf5 {[%emt 0:00:28][%mdl 4096] Endgame KRN-KRN} Rc3 41. Kf2 Rc8 {[%emt 0:03:41] Against Rg8+} 42. Nd7 Nxf5 43. Nxe5 Rf8 {[%emt 0:00:02] Against Nf7+} 44. Nd7 Rf7 45. Ne5 Rf8 46. Nd7 Rd8 47. Ne5 Rf8 {[%emt 0:00:04] Inhibits Nf7+.  Weighted Error Value: White=0.20 (precise) /Black=0.22 (precise)} 1/2-1/2

[Event "93rd German Championship 2022"]
[Site "Magdeburg"]
[Date "2022.08.17"]
[Round "5.17"]
[White "Hourigan, Gerrit"]
[Black "Farokhi, Keyvan"]
[Result "1-0"]
[ECO "A05"]
[WhiteElo "2306"]
[BlackElo "2332"]
[Annotator "TA"]
[PlyCount "78"]
[EventDate "2022.08.14"]
[EventType "swiss"]
[EventCountry "GER"]
[SourceTitle "playchess.com"]
[Source "ChessBase"]
[SourceQuality "1"]
[TimeControl "40/5400+30:1800+30"]

1. Nf3 Nf6 2. c4 e6 3. g3 d5 4. Bg2 Be7 5. d4 O-O 6. O-O dxc4 7. Qc2 b5 8. a4 {[%emt 0:00:18] E05: Open Catalan: 5 Nf3 Be7.} Bb7 9. axb5 a6 10. bxa6 {[%emt 0:10:12] The position is equal.} Nxa6 11. Qxc4 Bd5 12. Qc3 c5 13. Bf4 {[%emt 0:28:53] [#]} Qb6 $146 ({Predecessor:} 13... Ne4 14. Qc1 cxd4 15. Nxd4 Nec5 16. Bxd5 Qxd5 17. Be3 Qb7 18. Nd2 Rac8 19. Qb1 Nb4 {1-0 (36) Carlsen,M (2864)-Radjabov,T (2753) Stavanger 2022}) 14. dxc5 Bxc5 (14... Nxc5 $5 15. Rxa8 Rxa8 $11) 15. Nbd2 Rfc8 16. Qd3 Nb4 17. Rxa8 $1 Bxa8 18. Qb3 (18. Qb1 $11 {remains equal.}) 18... Bd5 19. Qd1 Ng4 20. e3 Nd3 {[%emt 0:06:44] ...Ngxf2 is the strong threat.} 21. Ne1 Nxf4 22. gxf4 {[%emt 0:04:04] [#]} Bxe3 23. Qxg4 $11 Bxg2 24. fxe3 Bxf1 25. Nxf1 Qxb2 26. Nd3 Qb3 {[%emt 0:00:45][%mdl 1024] Black has compensation.} 27. Ne5 f6 28. Nf3 Rc1 {[%emt 0:00:34] Strongly threatening ...Qxe3+.} 29. Kg2 Qd5 30. N1d2 Kf7 31. Kg3 Ra1 32. Kf2 e5 (32... Ra2 $11 {keeps the balance.} 33. Ke2 Kg8) 33. fxe5 $16 {[%emt 0:00:30] The board is on fire.} Ra3 $2 (33... Ra2 $16 {was worth a try.}) 34. e4 $2 (34. Ne4 $18 {and White stays clearly on top. And now Nd6+ would win.} Ra8 35. exf6 gxf6 36. Qh4 Qa2+ 37. Kg3 Rg8+ 38. Kf4) 34... Ra8 $2 {[%emt 0:00:00][%mdl 8192] [#]} 35. Nd4 $4 (35. exd5 {avoids the disaster.} Kf8 36. exf6 gxf6 37. Qd7 Re8 38. d6 h5 39. Qh7 Re6 40. d7) 35... fxe5 $4 36. N2f3 $2 Rh8 $2 37. Nf5 $2 (37. exd5 Re8 38. Qd7+ Kf6 39. Qxe8 g5 40. Nxe5 g4 41. Qe6+ Kg5 42. Nf7+ Kh5 43. Qh6#) 37... Rg8 $2 (37... Qc5+ $18 38. Kg2 g6 39. Ng5+ Kf6) 38. Ng5+ {[%emt 0:00:00] Pair of Knights!} Ke8 39. Nf7 $4 (39. exd5 {mates} Kd8 40. Qa4 Re8 41. Nf7+ Kc8 42. Qa8+ Kc7 43. Qa7+ Kc8 44. N5d6#) 39... Kf8 $4 {[%emt 0:00:00][%mdl 8192] Weighted Error Value: White=0.95/Black=1.15} 1-0

[Event "93rd German Championship 2022"]
[Site "Magdeburg"]
[Date "2022.08.17"]
[Round "5.18"]
[White "Boder, Jan"]
[Black "Stricker, Florian"]
[Result "1-0"]
[ECO "E62"]
[WhiteElo "2315"]
[BlackElo "2182"]
[Annotator "RC"]
[PlyCount "71"]
[EventDate "2022.08.14"]
[EventType "swiss"]
[EventCountry "GER"]
[SourceTitle "playchess.com"]
[Source "ChessBase"]
[SourceQuality "1"]
[TimeControl "40/5400+30:1800+30"]

1. c4 d6 2. g3 Nf6 3. Bg2 g6 4. Nc3 Bg7 5. d4 Nc6 6. Nf3 O-O 7. O-O Bf5 8. d5 Na5 9. Nd4 Bd7 10. b3 c5 11. dxc6 bxc6 12. Bb2 Rb8 13. Qc1 d5 14. cxd5 cxd5 15. Rd1 e6 16. e3 Qb6 17. Ba3 Rfc8 18. Qd2 Be8 19. Rac1 Nb7 20. Rc2 Nd6 21. Rdc1 Rd8 22. Qe2 e5 23. Bc5 Qxc5 24. Nxd5 Qa3 25. Ne7+ Kf8 26. Ndc6 Bxc6 27. Nxc6 e4 28. Rd1 Rdc8 29. Nxb8 Rxb8 30. Rc6 Nfe8 31. Ra6 Qc5 32. Qd2 Nb5 33. Rc1 Nc3 34. Bf1 Qe5 35. Rxa7 Nd6 36. Rxc3 1-0

[Event "93rd German Championship 2022"]
[Site "Magdeburg"]
[Date "2022.08.17"]
[Round "5.19"]
[White "Tschernatsch, Johannes"]
[Black "Westphal, Wolfgang"]
[Result "1-0"]
[ECO "B06"]
[WhiteElo "2296"]
[BlackElo "2175"]
[Annotator "NA RC"]
[PlyCount "61"]
[EventDate "2022.08.14"]
[EventType "swiss"]
[EventCountry "GER"]
[SourceTitle "playchess.com"]
[Source "ChessBase"]
[SourceQuality "1"]
[TimeControl "40/5400+30:1800+30"]

1. e4 g6 2. d4 Bg7 3. Nc3 c6 4. f4 d5 5. e5 Nh6 6. Nf3 Bg4 7. h3 Bxf3 8. Qxf3 Nf5 9. Ne2 e6 10. g4 Ne7 11. Ng3 f6 12. f5 exf5 13. gxf5 O-O 14. e6 Qb6 15. c3 c5 16. dxc5 Qxc5 17. Be3 Qa5 18. Bd3 Nbc6 19. O-O Ne5 20. Qe2 Rac8 21. Bc2 Qc7 22. Qf2 a6 23. Rad1 g5 24. Nh5 Bh6 25. Bb3 Qc6 26. Qg3 Nc4 27. Nxf6+ Rxf6 28. Bxg5 Bxg5 29. Qxg5+ Ng6 30. Rxd5 Ne3 31. Rd8+ 1-0

[Event "93rd German Championship 2022"]
[Site "Magdeburg"]
[Date "2022.08.17"]
[Round "5.20"]
[White "Cofmann, Veaceslav"]
[Black "Feidt, Jonas"]
[Result "1-0"]
[ECO "D35"]
[WhiteElo "2301"]
[BlackElo "1901"]
[Annotator "TA"]
[PlyCount "115"]
[EventDate "2022.08.14"]
[EventType "swiss"]
[EventCountry "GER"]
[SourceTitle "playchess.com"]
[Source "ChessBase"]
[SourceQuality "1"]
[TimeControl "40/5400+30:1800+30"]

1. d4 Nf6 2. c4 e6 3. Bf4 d5 4. Nc3 c6 5. e3 Nbd7 6. cxd5 exd5 7. Bd3 Be7 8. h3 O-O 9. Qc2 Re8 10. Nf3 Nf8 11. Ne5 Bd6 {[%emt 0:03:03] D35: Queen's Gambit Declined: Exchange Variation.} 12. Bh2 (12. O-O-O $14) 12... Qe7 (12... c5 {might be stronger.}) 13. O-O $11 N6d7 {[%emt 0:10:08][%cal Rd7e5] White has an edge.} 14. f4 (14. Ng4 {should be considered.}) 14... f6 {[%emt 0:09:17] [#]} 15. Nf3 $146 ({Predecessor:} 15. e4 fxe5 16. fxe5 Nxe5 17. dxe5 Bxe5 18. exd5 Bxh2+ 19. Kxh2 Qe5+ 20. Kh1 cxd5 21. Qf2 {1-0 (28) Tkachiev,V (2657)-Riazantsev,A (2628) France 2008}) 15... Qxe3+ 16. Kh1 Qe7 (16... Bxf4 $2 17. Rae1 Qxe1 18. Rxe1 Rxe1+ 19. Nxe1 Bxh2 20. Kxh2 $18) 17. Rae1 Qf7 18. Rxe8 Qxe8 19. Re1 Qf7 20. g4 $1 Nb6 21. f5 Bxh2 22. Qxh2 Bd7 23. Qc7 Be6 24. Qd6 Bd7 (24... Qd7 $5 25. Qa3 (25. Rxe6 Nxe6 26. Qxe6+ Qxe6 $15) 25... Bf7 $11) 25. a4 (25. Qc7 $11) 25... Re8 $17 26. a5 Rxe1+ 27. Nxe1 Nc4 (27... Nc8 $17 28. Qf4 h5) 28. Bxc4 $11 dxc4 29. Ng2 b5 30. a6 Be8 31. Qc5 Qd7 32. Nf4 Bf7 33. d5 Bxd5+ 34. Nfxd5 cxd5 35. Nxb5 {[%emt 0:00:29][%mdl 4096] Endgame KQN-KQN} g6 36. Nxa7 d4 (36... Qa4 $1 $11 37. Qxd5+ Kg7) 37. Qxc4+ $16 Kg7 38. Nb5 $36 {[%emt 0:00:22][%mdl 2048] White is on the roll. White is more active.} d3 39. Nc3 (39. Nd4 $1 $16 d2 40. Qd3) 39... d2 $14 {[%emt 0:00:59] [#]} 40. Qe2 (40. Nd1 $1 $16) 40... Qd4 $2 {[%emt 0:04:58] [#]} (40... Qc6+ $11 {and Black stays safe.} 41. Kh2 Qd6+ 42. Kg2 Qc6+ 43. Kg3 Qd6+ 44. Kg2 Qc6+ 45. Kg3 Qd6+ 46. Kg2) 41. Nd1 $1 $18 Nd7 42. Qe7+ Kg8 (42... Kh6 {keeps fighting.}) 43. Qe3 (43. fxg6 $6 hxg6 44. Qe6+ Kg7 $16) 43... Qd5+ 44. Kg1 {[%emt 0:00:00] Black must now prevent a7.} Ne5 45. a7 Kg7 46. b3 $2 (46. b4 $18) 46... Nf3+ $2 (46... g5 $11 {and Black has nothing to worry.}) 47. Kf2 Ne5 48. Ke2 {[%emt 0:00:00] Threatens to win with g5. The board is on fire.} gxf5 (48... Qb7 {might work better.} 49. g5 (49. Kxd2 Nc6 $16) 49... Nc6 50. gxf6+ (50. Kxd2 fxg5 51. Qc3+ Kh6 $18) 50... Kxf6 51. Qe6+ (51. Kxd2 Qd7+ 52. Kc1 Nxa7 $16) 51... Kg5) 49. gxf5 h5 50. Nf2 Kh7 (50... d1=R $142 51. Nxd1 Qb7) 51. Qxd2 (51. Kd1 $142 {Ne4 is the strong threat.} Qc6 52. Nd3) 51... Qf3+ (51... Qb5+ 52. Nd3 (52. Kd1 Qxb3+ 53. Ke2 Qb5+ 54. Nd3 Qa6 $16) 52... Qa6) 52. Kf1 {[%emt 0:00:00] Threatening mate with Qd8.} Kg7 53. Qe2 $2 (53. Qd8 {mates} Nd3 54. Qxd3 Qc6 55. Qg3+ Kf7 56. Qb8 Qc1+ 57. Kg2 Qc6+ 58. Kg1) 53... Qc6 $2 (53... Qb7 54. Qe3 Nc6 55. Qg3+ Kh8) 54. Ne4 Qc1+ 55. Kg2 Qc6 56. Kh2 Qd5 57. Qg2+ Kf8 58. Nd2 {[%emt 0:00:00] Weighted Error Value: White=0.47/Black=0.82} 1-0

[Event "93rd German Championship 2022"]
[Site "Magdeburg"]
[Date "2022.08.17"]
[Round "5.21"]
[White "Burian, Simon"]
[Black "Koehler, Christian Friedrich"]
[Result "1/2-1/2"]
[ECO "C97"]
[WhiteElo "2189"]
[BlackElo "2285"]
[Annotator "NA RC"]
[PlyCount "116"]
[EventDate "2022.08.14"]
[EventType "swiss"]
[EventCountry "GER"]
[SourceTitle "playchess.com"]
[Source "ChessBase"]
[SourceQuality "1"]
[TimeControl "40/5400+30:1800+30"]

1. e4 e5 2. Nf3 Nc6 3. Bb5 a6 4. Ba4 Nf6 5. O-O Be7 6. Re1 b5 7. Bb3 d6 8. c3 O-O 9. h3 Na5 10. Bc2 c5 11. d4 Qc7 12. d5 Bd7 13. Nbd2 g6 14. Nf1 Ne8 15. Ng3 Ng7 16. Bh6 b4 17. cxb4 cxb4 18. Rc1 Rfc8 19. Bd3 Qb7 20. Qe2 Bd8 21. b3 Bb6 22. Rxc8+ Bxc8 23. Rc1 Qa7 24. Qd2 Bc5 25. Rc2 f6 26. Nh4 Nb7 27. Nf1 Bd7 28. g4 Rf8 29. Qe2 Ra8 30. Kg2 Qb6 31. Qf3 Rf8 32. Qg3 a5 33. Ne3 a4 34. Nc4 Qa7 35. Bxg7 Kxg7 36. f4 Na5 37. Nxa5 Qxa5 38. Nf3 axb3 39. axb3 Qa1 40. Re2 h6 41. h4 Ra8 42. g5 hxg5 43. hxg5 exf4 44. Qxf4 Rh8 45. Qxf6+ Qxf6 46. gxf6+ Kxf6 47. e5+ dxe5 48. Nxe5 Bh3+ 49. Kf3 Bf5 50. Kg2 Rd8 51. Bc4 Bd6 52. Nf3 g5 53. Nd4 Bd7 54. Ne6 Rg8 55. Rf2+ Ke5 56. Re2+ Kf6 57. Rf2+ Ke5 58. Re2+ Kf6 1/2-1/2

[Event "93rd German Championship 2022"]
[Site "Magdeburg"]
[Date "2022.08.17"]
[Round "5.22"]
[White "Eichstaedt, Mirko"]
[Black "Bracker, Arne"]
[Result "0-1"]
[ECO "A49"]
[WhiteElo "2223"]
[BlackElo "2277"]
[Annotator "NA RC"]
[PlyCount "74"]
[EventDate "2022.08.14"]
[EventType "swiss"]
[EventCountry "GER"]
[SourceTitle "playchess.com"]
[Source "ChessBase"]
[SourceQuality "1"]
[TimeControl "40/5400+30:1800+30"]

1. d4 Nf6 2. Nf3 g6 3. g3 Bg7 4. Bg2 d5 5. O-O O-O 6. c4 dxc4 7. Na3 c3 8. bxc3 c5 9. Ne5 Nc6 10. Nxc6 bxc6 11. Nc4 Nd5 12. Qd2 Nxc3 13. Ne5 Bxe5 14. dxe5 Qxd2 15. Bxd2 Nxe2+ 16. Kh1 Ba6 17. Rfe1 Nd4 18. Rac1 c4 19. Bb4 Rfe8 20. Bf1 Rab8 21. Bc5 Ne6 22. Bxa7 Rb2 23. a4 c5 24. Bxc4 Bxc4 25. Rxc4 Rb7 26. Bxc5 Rc8 27. Rb4 Nxc5 28. Rxb7 Nxb7 29. Rb1 Na5 30. Rb5 Rc1+ 31. Kg2 Nc6 32. f4 Rc2+ 33. Kh3 h5 34. a5 Ra2 35. a6 Rxa6 36. Kh4 Kg7 37. h3 Nd4 0-1

[Event "93rd German Championship 2022"]
[Site "Magdeburg"]
[Date "2022.08.18"]
[Round "6.1"]
[White "Krastev, Alexander"]
[Black "Parvanyan, Ashot"]
[Result "0-1"]
[ECO "B00"]
[WhiteElo "2435"]
[BlackElo "2428"]
[Annotator "TA"]
[PlyCount "88"]
[EventDate "2022.08.14"]
[EventType "swiss"]
[EventCountry "GER"]
[SourceTitle "playchess.com"]
[Source "ChessBase"]
[SourceQuality "1"]
[TimeControl "40/5400+30:1800+30"]

1. e4 Nc6 2. Nc3 Nf6 3. Nf3 d6 4. h3 g6 5. d4 Bg7 6. Bg5 {[%emt 0:01:17] B00: Queen's Fianchetto Defence, Nimzowitsch Defence.} a6 {[%emt 0:15:17] [#]} 7. Qe2 $146 ({Predecessor:} 7. a4 h6 8. Be3 e6 9. Be2 b6 10. O-O O-O 11. Qd2 Kh7 12. Rfe1 Ne7 13. Bd3 Bb7 {1-0 (31) Alikulov,E (2347)-Gasanov,E (2490) Moscow 2018}) 7... h6 8. Bxf6 {[%emt 0:02:58] White has an edge.} (8. Be3 $5 ) 8... Bxf6 9. e5 Bg7 10. O-O-O d5 11. Kb1 Na5 12. g4 e6 13. Nd2 Bd7 14. Qe3 c5 15. dxc5 Qc7 16. f4 Bf8 17. b4 {[%emt 0:10:28] Bg2 is the strong threat.} Nc6 18. a3 d4 19. Qd3 {[%emt 0:00:03] aiming for Nce4.} dxc3 20. Nc4 Be7 21. h4 Na7 22. h5 gxh5 23. Rxh5 Bb5 24. Qxc3 {[%emt 0:00:23] And now Nd6+ would win.} Bxc4 25. Bxc4 Rd8 26. Rdh1 {[%emt 0:00:52] [#]} (26. Rd6 $11) 26... Nb5 (26... Qc6 $1 $17) 27. Bxb5+ $11 axb5 28. Rxh6 $2 (28. g5 $11) 28... Rxh6 $17 29. Rxh6 Qc6 30. Rh8+ Bf8 31. Qe3 (31. Rh3 $17) 31... Qg2 32. g5 $2 (32. c6 Qxc6 33. f5 Rd1+ 34. Kb2) 32... Qf1+ (32... Rd1+ $142 33. Kb2 Qf1) 33. Kb2 $2 (33. Ka2 Rd1 34. Qc3 Qxf4 35. a4) 33... Rd1 $19 34. Qe4 Rb1+ 35. Kc3 Ra1 {[%emt 0:00:26] Strongly threatening ...Qc1.} ({Avoid the trap} 35... Qc1 $2 36. g6 Qxa3+ 37. Kd2 $19) 36. g6 Rxa3+ 37. Kd2 Qf2+ 38. Kc1 Qg1+ 39. Kd2 fxg6 {[%emt 0:00:37] White must now prevent ...Ra1.} 40. Rh7 Qf2+ 41. Kc1 Qg1+ {[%emt 0:10:47] [#]} (41... Ra1+ $19 42. Kb2 Qg1) 42. Kd2 Ra1 43. Kc3 Re1 (43... Qg3+ $142 44. Kd2 Qg1 45. Kc3 Re1 46. Rh1 Qxh1 47. Qxg6+ Kd7 48. Qd3+ Ke7 49. c6 Qxc6+ 50. Kb2 Qe4 51. Ka2 Re3 52. Qxe4 Rxe4 53. c3 Rxf4 54. Kb3 Rf2 55. c4 Rf3+ 56. Kc2 bxc4 57. b5 Bh6 58. Kb2 b6 59. Kb1 Rf2 60. Ka1 c3 61. Kb1 c2+ 62. Kb2 c1=Q+ 63. Kb3 Rb2+ 64. Ka4 Qa1#) 44. Qd4 Re3+ {[%emt 0:00:05] Weighted Error Value: White=0.89/Black=0.57} 0-1